[Event "Late-Titled-Tuesday-Blitz-August-29-2023"]
[Site "Chess.com"]
[Date "2023.08.29"]
[Round "11"]
[White "ZuraTqebuchava"]
[Black "cthulhuuu"]
[Result "0-1"]
[WhiteElo "2196"]
[BlackElo "2481"]
[TimeControl "180+1"]
[EndTime "16:01:46 PDT"]
[Termination "cthulhuuu won by resignation"]

1. e4 d6 2. d4 Nf6 3. Nc3 c6 4.
g3 b5 5. a3 e5 6. dxe5 dxe5 7.
Qxd8+ Kxd8 8. Bg2 Be6 9. h3 Nbd7 10. Be3 Bc5 11. Ke2 Kc7 12. Bxc5 Nxc5 13. Ke3 a5 14. Nf3 Nfd7 15. Ng5 f6 16. Nxe6+ Nxe6 17. Ne2 c5 18. Nc3 Nd4 19. Rac1 Nb6 20. Nd5+ Nxd5+ 21. exd5 Kd6 22. c3 Nf5+ 23. Ke2 c4 24. Be4 Ne7 25. Rhd1 f5 26. Bg2 Rad8 27. g4 g6 28. gxf5 gxf5 29. Ke3 Rhg8 30.
Bf1 Nxd5+ 31. Ke2 a4 32. h4 Kc5 33. Bh3 Nf4+ 34. Ke3 Nxh3 0-1

[Event "Late-Titled-Tuesday-Blitz-August-29-2023"]
[Site "Chess.com"]
[Date "2023.08.29"]
[Round "11"]
[White "HansOnTwitch"]
[Black "IlanSchnaider"]
[Result "1-0"]
[WhiteElo "3000"]
[BlackElo "2736"]
[TimeControl "180+1"]
[EndTime "16:01:51 PDT"]
[Termination "HansOnTwitch won by resignation"]

1. d4 Nf6 2. Nc3 d5 3. Bf4 c5 4. e4 Nxe4 5. Nxe4 dxe4 6. dxc5 Qa5+ 7. c3 Qxc5 8. Qa4+ Nc6 9. Qxe4 g6 10. Nf3 Bg7 11.
Qe3 Qa5 12. Bc4 O-O 13. O-O Bg4 14. Rfe1 Rad8 15. h3 Bxf3 16. Qxf3 Qb6 17. Bb3 Na5 18. Rxe7 Nxb3 19. axb3 Qxb3 20. Rxb7 Qc2 21. Be3 a6 22. g3 Rb8 23. Rxa6 Rxb7 24. Qxb7 Be5 25. Kg2 Rb8 26. Qd5 Bg7 27. Ra7 Rf8 28. Bc5 1-0

[Event "Late-Titled-Tuesday-Blitz-August-29-2023"]
[Site "Chess.com"]
[Date "2023.08.29"]
[Round "11"]
[White "SHIVACalypso"]
[Black "Dr_crypt"]
[Result "0-1"]
[WhiteElo "2481"]
[BlackElo "2348"]
[TimeControl "180+1"]
[EndTime "16:01:51 PDT"]
[Termination "Dr_crypt won by resignation"]

1. e4 d5 2. exd5 Qxd5 3. d4 Nc6 4. Nf3 Bg4 5. Nc3 Bxf3 6. Nxd5 Bxd1 7. Nxc7+ Kd8 8.
Nxa8 Bg4 9. Bf4 e5 10. dxe5 Be6 11.
O-O-O+ Kc8 12. Bb5 Bc5 13. Bg5 Nge7 14. c3 Kb8 15. b4 Bxf2 16. Rhf1 h6 17. Bxc6 Nxc6 18. Rxf2 hxg5 19. Nb6 axb6 20. h3 Nxe5 21. Kb2 Kc7 22. Re2 f6 23. Rd4 b5 24. Kc1 Rh4 25. Rxh4 gxh4 26.
Re4 g5 27. Re2 Kd6 28. Rf2 Nd3+ 0-1

[Event "Late-Titled-Tuesday-Blitz-August-29-2023"]
[Site "Chess.com"]
[Date "2023.08.29"]
[Round "11"]
[White "ferrufino64"]
[Black "dorpato"]
[Result "1-0"]
[WhiteElo "2139"]
[BlackElo "2006"]
[TimeControl "180+1"]
[EndTime "16:01:54 PDT"]
[Termination "ferrufino64 won by checkmate"]

1. e4 c5 2. Nf3 d6 3. d4 cxd4 4. Nxd4 Nf6 5. Nc3 a6 6. Be3 e5 7. Nb3 Be7 8. f3 Be6 9. Qd2 Nc6 10. O-O-O h5 11. Kb1 O-O 12. Nd5 Bxd5 13. exd5 Nb8 14. h3 Nbd7 15. g4 b5 16. Rg1 h4 17.
Na5 Nb8 18. g5 Nxd5 19. Qxd5 Qxa5 20. Qxa8 Nd7 21. Qe4 Nb6 22. Qxh4 Nc4 23. Bxc4 bxc4 24. Qxc4 Rb8 25. g6 Rf8 26. gxf7+ Rxf7 27. Rg6 Kh7 28. Qxf7 Bf6 29. Rxf6 e4 30. Rh6# 1-0

[Event "Late-Titled-Tuesday-Blitz-August-29-2023"]
[Site "Chess.com"]
[Date "2023.08.29"]
[Round "11"]
[White "Msb2"]
[Black "enriquetejedor"]
[Result "1-0"]
[WhiteElo "3023"]
[BlackElo "2766"]
[TimeControl "180+1"]
[EndTime "16:01:58 PDT"]
[Termination "Msb2 won on time"]

1. d4 d5 2. c4 c6 3. Nf3 Nf6 4. Nc3 dxc4 5. e4 b5 6. Qc2 e6 7. Be2 Bb7 8. O-O Nbd7 9. b3 b4 10. e5 bxc3 11. exf6 gxf6 12. bxc4 Qa5 13. Rb1 Ba6 14.
Qe4 Rc8 15. Bf4 Ba3 16. Rb3 f5 17. Qe3 Bb2 18. Bd6 Rg8 19. Ng5 Rg6 20. Bh5 f4 21.
Bxg6 hxg6 22. Qxf4 Qf5 23. Qh4 Nf6 24. Ne4 Ng8 25.
Bc5 Rd8 26. Nd6+ Rxd6 27. Rb8+ 1-0

[Event "Late-Titled-Tuesday-Blitz-August-29-2023"]
[Site "Chess.com"]
[Date "2023.08.29"]
[Round "11"]
[White "19912131712118"]
[Black "Semetey"]
[Result "0-1"]
[WhiteElo "2439"]
[BlackElo "2601"]
[TimeControl "180+1"]
[EndTime "16:02:13 PDT"]
[Termination "Semetey won by resignation"]

1. e4 e5 2. Nf3 Nc6 3. d4 exd4 4.
Nxd4 Qf6 5. Be3 Bc5 6. c3 Nge7 7. Bb5 O-O 8. O-O b6 9. f4 Bb7 10. e5 Qh6 11. Qe2 Nd5 12. Nf5 Qe6 13. Bxc5 bxc5 14. Bd3 f6 15. Qg4 g6 16. Nh6+ Kg7 17. f5 Qxe5 18. fxg6 Qe3+ 19. Kh1 Qxh6 20. Qxd7+ Nde7 21. Qxc7 Rab8 22. gxh7 Kh8 23. Na3 Nd5 24. Qd6 Ne3 25. Rf3 Ne5 26. Rg3 N3g4 27. h3 Nf2+ 28. Kg1 Nfxd3 29.
Rxd3 Nxd3 30. Qxd3 Qxh7 31. Qe2 Rbe8 32. Qf2 Qe4 33. Rd1 Re5 34. Nc2 Rf5 0-1

[Event "Late-Titled-Tuesday-Blitz-August-29-2023"]
[Site "Chess.com"]
[Date "2023.08.29"]
[Round "11"]
[White "jefferyx"]
[Black "platy3"]
[Result "1-0"]
[WhiteElo "3035"]
[BlackElo "2916"]
[TimeControl "180+1"]
[EndTime "16:02:26 PDT"]
[Termination "jefferyx won by resignation"]

1. e4 e5 2. Nf3 Nc6 3. Nc3 Nf6 4. d4 exd4 5. Nxd4 Bb4 6. Nxc6 bxc6 7. Bd3 d5 8. exd5 O-O 9. O-O cxd5 10. h3 c6 11. Qf3 h6 12. Bf4 Bd6 13. Rfe1 Rb8 14.
b3 Rb4 15. Ne2 a5 16. c4 a4 17. Nd4 Rb6 18. cxd5 cxd5 19. bxa4 Bxf4 20. Qxf4 Rb4 21. Bb5 Qb6 22. Rad1 Ne4 23. Nc6 Rb2 24. Ne7+ Kh7 25. Nxc8 Rxc8 26. Qf5+ Qg6 27. Qxc8 Nxf2 28. Rxd5 Ne4 29.
Bf1 Ng3 30. Bd3 f5 31. Bxf5 1-0

[Event "Late-Titled-Tuesday-Blitz-August-29-2023"]
[Site "Chess.com"]
[Date "2023.08.29"]
[Round "11"]
[White "SergioMoralesG"]
[Black "Defenstrator"]
[Result "0-1"]
[WhiteElo "2378"]
[BlackElo "2279"]
[TimeControl "180+1"]
[EndTime "16:02:30 PDT"]
[Termination "Defenstrator won on time"]

1. Nf3 e6 2. b3 d6 3. Bb2 b6 4.
e4 Bb7 5. Nc3 Nd7 6. d4 Ngf6 7. e5 dxe5 8. dxe5 Ng4 9. Qe2 Bc5 10.
Ne4 Bxe4 11. Qxe4 Nxf2 12. Qc6 Nxh1 13. O-O-O O-O 14. Rxd7 Qe8 15. Qxc7 Rd8 16. Bb5 a6 17. Bc6 Rxd7 18. Bxd7 Qd8 19. Qc6 Nf2 20. Bd4 Bxd4 21. Nxd4 Qg5+ 22. Kb2 Qxe5 23. c3 Nd1+ 24. Ka3 Qa5+ 25.
Qa4 Qxc3 26. Qb4 Qb2+ 0-1

[Event "Late-Titled-Tuesday-Blitz-August-29-2023"]
[Site "Chess.com"]
[Date "2023.08.29"]
[Round "11"]
[White "FairChess_on_YouTube"]
[Black "Sanan_Sjugirov"]
[Result "1/2-1/2"]
[WhiteElo "3054"]
[BlackElo "2868"]
[TimeControl "180+1"]
[EndTime "16:02:34 PDT"]
[Termination "Game drawn by repetition"]

1. Nf3 Nf6 2. c4 b6 3. g3 Bb7 4.
Bg2 c5 5. O-O g6 6. b4 cxb4 7.
a3 bxa3 8. Bxa3 Bg7 9. Nc3 O-O 10.
d3 d5 11. cxd5 Nxd5 12. Nxd5 Bxd5 13. e4 Bb7 14. d4 Nc6 15. d5 Ne5 16. Rc1 Nxf3+ 17.
Qxf3 Re8 18. Rfd1 Rc8 19. Qf4 Qd7 20. Rxc8 Rxc8 21. e5 e6 22. d6 Bxg2 23. Kxg2 a5 24. Qe4 b5 25. Rc1 b4 26. Rxc8+ Qxc8 27. Bc1 h5 28.
Bg5 b3 29. Qd3 Qb7+ 30. f3 b2 31. d7 b1=Q 32. d8=Q+ Kh7 33. Qxb1 Qxb1 34. Bf6 Qc2+ 35. Kh3 Qf5+ 36. Kg2 a4 37. Qe7 Qc2+ 38. Kh3 Qf5+ 39.
Kg2 Qc2+ 40. Kh3 Qf5+ 41. Kg2 1/2-1/2

[Event "Late-Titled-Tuesday-Blitz-August-29-2023"]
[Site "Chess.com"]
[Date "2023.08.29"]
[Round "11"]
[White "betta2004"]
[Black "Matibar"]
[Result "0-1"]
[WhiteElo "2568"]
[BlackElo "2806"]
[TimeControl "180+1"]
[EndTime "16:02:35 PDT"]
[Termination "Matibar won by resignation"]

1. e4 g6 2. d4 Bg7 3. Nc3 a6 4. Be3 b5 5. g4 Bb7 6. Bg2 d6 7.
h4 b4 8. Nd5 a5 9. h5 e6 10.
Nf4 g5 11. Nd3 h6 12. a3 Nf6 13. f3 bxa3 14. Rxa3 Nc6 15. Ne2 Ba6 16. c3 O-O 17.
O-O Rb8 18. Ra2 Bc4 19. Ra1 Qc8 20. Nec1 Nh7 21. f4 gxf4 22. Bxf4 e5 23. d5 exf4 24. dxc6 Rb5 25. Ra4 Be6 26. Nxf4 Bxg4 27. Qd3 Rg5 28.
Nce2 Be5 29. Nd4 Kh8 30. Nf5 Bxf5 31. exf5 Rfg8 32. Ng6+ fxg6 33. hxg6 Nf6 34. Rxa5 Qb8 35. Qb5 Qd8 36. Qd3 Kg7 37. Ra7 Re8 38. b4 d5 39.
b5 Qd6 40. c4 Qc5+ 41. Kh1 Qxa7 42. cxd5 Bd6 0-1

[Event "Late-Titled-Tuesday-Blitz-August-29-2023"]
[Site "Chess.com"]
[Date "2023.08.29"]
[Round "11"]
[White "NigelDwarf"]
[Black "Valeron87"]
[Result "0-1"]
[WhiteElo "2529"]
[BlackElo "2475"]
[TimeControl "180+1"]
[EndTime "16:02:35 PDT"]
[Termination "Valeron87 won by checkmate"]

1. Nf3 d5 2. c4 e6 3. b3 Nf6 4. Bb2 a5 5. e3 a4 6. bxa4 Be7 7. g4 O-O 8. g5 Ne4 9. h4 c5 10. Qc2 Nc6 11. a3 f5 12. gxf6 Bxf6 13. Ng5 Bxb2 14.
Qxb2 Nxf2 15. Rg1 d4 16. Qc2 g6 17. h5 dxe3 18. Nxh7 exd2+ 19. Nxd2 Rf5 20. hxg6 Qd4 21.
Nb3 Qe3+ 22. Be2 Ne4 23. Rf1 Rxf1+ 24. Kxf1 Qf2# 0-1

[Event "Late-Titled-Tuesday-Blitz-August-29-2023"]
[Site "Chess.com"]
[Date "2023.08.29"]
[Round "11"]
[White "Zkid"]
[Black "BogdanDeac"]
[Result "0-1"]
[WhiteElo "2848"]
[BlackElo "3022"]
[TimeControl "180+1"]
[EndTime "16:02:37 PDT"]
[Termination "BogdanDeac won by resignation"]

1. e4 e5 2. Nf3 Nf6 3. d4 Nxe4 4.
dxe5 d5 5. Nbd2 Qd7 6. Nxe4 dxe4 7. Qxd7+ Nxd7 8. Ng5 Nxe5 9. Bf4 Bd6 10. Nxe4 Nf3+ 11. gxf3 Bxf4 12. Rd1 O-O 13. Bc4 Bh3 14. Rg1 Rfe8 15.
Be2 Kf8 16. Rd5 g6 17. Nf6 Red8 18. Nxh7+ Kg7 19. Rh5 Rd2 20. Ng5 Bf5 21. Rh7+ Kg8 22. Rh4 Bxg5 23. Rxg5 Rxc2 24. Bc4 Re8+ 25. Kf1 Rxc4 0-1

[Event "Late-Titled-Tuesday-Blitz-August-29-2023"]
[Site "Chess.com"]
[Date "2023.08.29"]
[Round "11"]
[White "cassoulet"]
[Black "tptagain"]
[Result "1-0"]
[WhiteElo "2757"]
[BlackElo "2874"]
[TimeControl "180+1"]
[EndTime "16:02:37 PDT"]
[Termination "cassoulet won by resignation"]

1. e4 Nc6 2. Nc3 e5 3. Nf3 g6 4. d4 exd4 5. Nxd4 Bg7 6. Be3 Nf6 7. Nxc6 dxc6 8. Qxd8+ Kxd8 9. O-O-O+ Ke8 10. h3 Be6 11. Bd4 Rg8 12. Be2 g5 13. g3 Nd7 14. Bxg7 Rxg7 15.
f4 f6 16. Bh5+ Ke7 17. Ne2 gxf4 18. gxf4 Nc5 19. Bf3 a5 20. a3 Rag8 21. Rd4 Rd8 22. Rxd8 Kxd8 23. Kd2 Bc4 24. Nd4 Rg8 25. Ke3 a4 26. Bg4 Ke7 27. Nf5+ Ke8 28. Rg1 Bf7 29. Rd1 Bg6 30. Nh6 Rg7 31. f5 Bf7 32. e5 fxe5 33. f6 Rg5 34. Rd8+ 1-0

[Event "Late-Titled-Tuesday-Blitz-August-29-2023"]
[Site "Chess.com"]
[Date "2023.08.29"]
[Round "11"]
[White "DanielNaroditsky"]
[Black "sergoy"]
[Result "1-0"]
[WhiteElo "3105"]
[BlackElo "2970"]
[TimeControl "180+1"]
[EndTime "16:02:38 PDT"]
[Termination "DanielNaroditsky won by checkmate"]

1. e4 c5 2. c3 Nf6 3. e5 Nd5 4. Nf3 e6 5. d4 cxd4 6. cxd4 d6 7.
Bc4 Nc6 8. O-O Be7 9. Qe2 O-O 10. Rd1 Na5 11. Bd3 Nb4 12. exd6 Qxd6 13. Nc3 Nxd3 14. Rxd3 Bd7 15. Ne5 Nc6 16. Nb5 Qb4 17. Nxd7 Qxb5 18. Nxf8 Rxf8 19. Be3 Nb4 20. Rd2 Qa5 21. a3 Nd5 22.
Rc1 Bd6 23. Rdc2 Bc7 24. Rc5 Qb6 25. g3 Qd6 26. Rxd5 Qxd5 27. Rxc7 h5 28. h4 b6 29. Qc4 Qf3 30. Rc8 Rxc8 31. Qxc8+ Kh7 32. Qc2+ Kg8 33.
Qc8+ Kh7 34. Qc7 Qf5 35. Qxa7 g5 36. Bxg5 Qb1+ 37. Kh2 Kg6 38. Qxb6 Qe4 39. d5 Qxd5 40.
a4 f6 41. Be3 Kf5 42. Qb5 Ke4 43. Qxd5+ Kxd5 44. a5 Kc6 45. a6 Kc7 46. b4 Kb8 47. b5 Ka8 48. b6 Kb8 49. Bf4+ Ka8 50. b7+ Ka7 51. b8=Q+ Kxa6 52. Bc7 e5 53. Qb6# 1-0

[Event "Late-Titled-Tuesday-Blitz-August-29-2023"]
[Site "Chess.com"]
[Date "2023.08.29"]
[Round "11"]
[White "KNVB"]
[Black "Rutricks"]
[Result "0-1"]
[WhiteElo "2799"]
[BlackElo "2646"]
[TimeControl "180+1"]
[EndTime "16:02:38 PDT"]
[Termination "Rutricks won by resignation"]

1. e4 g6 2. h4 Bg7 3. h5 d5 4. exd5 Qxd5 5. Nc3 Qe5+ 6. Be2 Bg4 7. d4 Bxe2 8.
Ngxe2 Qa5 9. h6 Bf6 10. Qd3 Nc6 11. Be3 O-O-O 12. O-O-O Ne5 13. Qb5 Qxb5 14. Nxb5 Nc4 15. Nxa7+ Kb8 16. Nb5 Nxe3 17. fxe3 Bg5 18. Kd2 Nxh6 19.
Kd3 Ng4 20. Rdf1 f5 21. Rf3 Ne5+ 22. Kd2 Nxf3+ 23. gxf3 e5 24. c3 c6 25. Na3 exd4 26. cxd4 b5 27. Kd3 Be7 28. Nc2 h5 29. f4 h4 30. Ng1 c5 31. Ke2 Kb7 32. Nh3 Rde8 33.
Rg1 cxd4 34. Nxd4 Bc5 35. Nc2 Re6 36. Kf3 Rd8 37. Rg2 Rd3 38. Re2 Rd1 39. Ng5 Re8 40. Rh2 Rf1+ 41. Ke2 Rxf4 42. b4 Bb6 43. Nf7 Kc6 44.
Kd3 Rc4 45. Nd4+ Bxd4 46. exd4 Re7 47. Ne5+ Rxe5 48. dxe5 Kd5 49. Re2 Ke6 50. a3 g5 51.
Rb2 h3 52. a4 Rc8 53. a5 g4 54. Rc2 Rxc2 55. Kxc2 h2 56. a6 h1=Q 57. a7 Qa8 0-1

[Event "Late-Titled-Tuesday-Blitz-August-29-2023"]
[Site "Chess.com"]
[Date "2023.08.29"]
[Round "11"]
[White "azikom"]
[Black "Sajkochess"]
[Result "1-0"]
[WhiteElo "2670"]
[BlackElo "2431"]
[TimeControl "180+1"]
[EndTime "16:02:41 PDT"]
[Termination "azikom won by checkmate"]

1. c4 Nf6 2. Nc3 e6 3. e4 e5 4. Nf3 Nc6 5. d4 exd4 6. Nxd4 Bb4 7. f3 O-O 8. Bg5 Re8 9. Be2 Qe7 10. Nc2 Qe5 11. Qd2 Bxc3 12. bxc3 d6 13. O-O h6 14.
Be3 Be6 15. Rab1 a6 16. Rxb7 Rec8 17. Nd4 Na5 18. Rb4 c5 19. Ra4 Nxc4 20. Bxc4 Bxc4 21. Rxc4 cxd4 22. cxd4 Qb5 23. Rxc8+ Rxc8 24. d5 Nd7 25. Bd4 Rc4 26. h3 Qa4 27. Bf2 Rc2 28. Qf4 Ne5 29.
Rb1 Qxa2 30. Rb8+ Kh7 31. Qf5+ g6 32. Qc8 g5 33. Qg8# 1-0

[Event "Late-Titled-Tuesday-Blitz-August-29-2023"]
[Site "Chess.com"]
[Date "2023.08.29"]
[Round "11"]
[White "Berardino"]
[Black "HamedWafa4"]
[Result "0-1"]
[WhiteElo "2665"]
[BlackElo "2580"]
[TimeControl "180+1"]
[EndTime "16:02:42 PDT"]
[Termination "HamedWafa4 won on time"]

1. e4 e5 2. Nf3 Nc6 3. Bb5 a6 4. Ba4 Nf6 5. O-O Be7 6. Re1 b5 7. Bb3 O-O 8. c3 d5 9. exd5 Nxd5 10. Nxe5 Nxe5 11. Rxe5 Nf6 12. d4 Bd6 13. Re1 Ng4 14.
h3 Bh2+ 15. Kf1 Nxf2 16. Qf3 Nh1 17. g4 Bb7 18. d5 Qh4 19. Qxh1 Rae8 20. Bd2 Qxh3+ 21.
Qg2 Qd3+ 22. Re2 f5 23. g5 f4 24. Ke1 f3 25. Qxh2 Rxe2+ 0-1

[Event "Late-Titled-Tuesday-Blitz-August-29-2023"]
[Site "Chess.com"]
[Date "2023.08.29"]
[Round "11"]
[White "Fh2411"]
[Black "reevecanada"]
[Result "0-1"]
[WhiteElo "2614"]
[BlackElo "2557"]
[TimeControl "180+1"]
[EndTime "16:02:42 PDT"]
[Termination "reevecanada won on time"]

1. d4 d5 2. c4 c6 3. Nc3 Nf6 4.
cxd5 cxd5 5. Bf4 Nc6 6. e3 e6 7.
Rc1 Bd6 8. Bxd6 Qxd6 9. f4 a6 10.
Nf3 O-O 11. Bd3 b6 12. O-O Bb7 13. Ne5 Rac8 14. Qe2 b5 15. g4 Rc7 16. g5 Nd7 17. Rcd1 Ncxe5 18. fxe5 Qe7 19. Qh5 g6 20. Qg4 Rfc8 21. Rf3 Qb4 22. Qh4 Qxb2 23. Ne2 Nf8 24. Rf2 Qxa2 25. Kg2 Qb3 26. Rff1 a5 27. Nf4 a4 28.
Rb1 Qa2+ 29. Rf2 Qa3 30. Qg3 b4 31. h4 b3 32. h5 Rc2 33. Ne2 Rd2 34. Qf3 Qe7 35.
hxg6 hxg6 36. Qf4 Rxd3 37. Rh1 Nh7 38. Rxh7 Kxh7 39. Qh4+ Kg8 40. Kf3 Qf8 41. Nf4 Rdc3 42. Kg4 Qg7 0-1

[Event "Late-Titled-Tuesday-Blitz-August-29-2023"]
[Site "Chess.com"]
[Date "2023.08.29"]
[Round "11"]
[White "ErikRonka"]
[Black "JoshuaGK27"]
[Result "1-0"]
[WhiteElo "2505"]
[BlackElo "2409"]
[TimeControl "180+1"]
[EndTime "16:02:42 PDT"]
[Termination "ErikRonka won on time"]

1. e4 c5 2. Nf3 d6 3. d4 cxd4 4. Nxd4 Nf6 5. Nc3 a6 6. Nb3 e6 7. g4 b5 8. Bg2 Bb7 9. g5 Nfd7 10.
f4 Nc6 11. Be3 h6 12. g6 fxg6 13. O-O Be7 14. Qg4 Nf8 15. Rad1 Qc7 16. a3 h5 17. Qe2 O-O-O 18. a4 b4 19. Na2 g5 20. Nd4 gxf4 21. Nxc6 Bxc6 22. Bxf4 a5 23. c3 b3 24. Nc1 Ng6 25. Be3 Ne5 26. Nxb3 Bb7 27. Nd4 Qc4 28. Qc2 Bf6 29. b3 Qc5 30. Rfe1 1-0

[Event "Late-Titled-Tuesday-Blitz-August-29-2023"]
[Site "Chess.com"]
[Date "2023.08.29"]
[Round "11"]
[White "MathiasCasalaspro"]
[Black "Onthequiet"]
[Result "0-1"]
[WhiteElo "2261"]
[BlackElo "2369"]
[TimeControl "180+1"]
[EndTime "16:02:42 PDT"]
[Termination "Onthequiet won by resignation"]

1. e4 c6 2. d4 d5 3. Nc3 dxe4 4. Nxe4 Nf6 5. Nxf6+ exf6 6. Be3 Bd6 7. Bd3 O-O 8.
Ne2 Re8 9. c4 Na6 10. a3 Nc7 11.
Qc2 h6 12. O-O-O b6 13. h4 Bg4 14. Bf5 Bxe2 15. Qxe2 Bf4 16. Qf3 Bxe3+ 17. fxe3 Qd6 18. h5 Ne6 19. Bxe6 Qxe6 20. Rh3 Rad8 21. Qe2 f5 22. Qd3 b5 23. c5 Rd5 24. Kb1 Red8 25. Qc2 f4 26. Re1 Rxd4 27. exd4 Qxe1+ 28. Ka2 Rxd4 29. Rf3 a5 30. Rf2 Qe6+ 31. b3 a4 32. Rf3 Qd5 33.
Kb2 Rd2 0-1

[Event "Late-Titled-Tuesday-Blitz-August-29-2023"]
[Site "Chess.com"]
[Date "2023.08.29"]
[Round "11"]
[White "MaxLeto"]
[Black "miraitrunks"]
[Result "0-1"]
[WhiteElo "2376"]
[BlackElo "2048"]
[TimeControl "180+1"]
[EndTime "16:02:43 PDT"]
[Termination "miraitrunks won by resignation"]

1. h4 d5 2. h5 h6 3. d4 Nf6 4.
Bf4 c5 5. e3 Qb6 6. Nc3 a6 7.
a3 Nc6 8. dxc5 Qxc5 9. Nf3 Bg4 10. Be2 Bxh5 11. Ne5 Bxe2 12. Qxe2 d4 13. Nd3 Qc4 14. Nd1 e5 15. Nxe5 Qxe2+ 16. Kxe2 dxe3 17. Nxc6 bxc6 18.
Nxe3 Nd5 19. Be5 f6 20. Bd4 Nf4+ 21. Kf3 Ne6 22. Bc3 Bd6 23. Rhe1 O-O-O 24. g3 Rhe8 25.
Nf5 Bf8 26. Kg2 g6 27. Nh4 g5 28. Nf5 Rd5 29. Ne3 Rd6 30. Nc4 Rd5 31. Bxf6 Rf5 32. Bc3 Bc5 33. Ne3 Rff8 34. Re2 Nf4+ 35. gxf4 gxf4 36.
Rae1 f3+ 37. Kh3 fxe2 38. Rxe2 Rf3+ 39. Kg2 Ref8 40. Nc4 Rxf2+ 41. Rxf2 Rxf2+ 42. Kg3 Rxc2 43. Ne5 Bd6 44. Kf4 h5 45. Kg5 Rxc3 46. Nf7 Be7+ 0-1

[Event "Late-Titled-Tuesday-Blitz-August-29-2023"]
[Site "Chess.com"]
[Date "2023.08.29"]
[Round "11"]
[White "Alexei_Gubajdullin"]
[Black "NMJeevanK"]
[Result "0-1"]
[WhiteElo "2601"]
[BlackElo "2532"]
[TimeControl "180+1"]
[EndTime "16:02:44 PDT"]
[Termination "NMJeevanK won by checkmate"]

1. d4 g6 2. Nf3 Bg7 3. Bf4 d6 4. e3 Nd7 5. Be2 e5 6. Bg5 f6 7.
Bh4 Nh6 8. dxe5 dxe5 9. e4 O-O 10. Nc3 c6 11. a4 Qb6 12. O-O Qxb2 13. Qd2 Qb4 14.
Rfb1 Qa5 15. Qd3 Nc5 16. Qe3 Be6 17. Nd1 Rad8 18. Nb2 Ng4 19. Qa3 Nxe4 20. Nc4 Qc7 21.
h3 Nh6 22. Qe3 Nd6 23. Nxd6 Rxd6 24. Qxa7 Rd7 25. a5 Nf5 26. Bg3 Nxg3 27. fxg3 e4 28. Ne1 Qxg3 29. Rxb7 Rxb7 30. Qxb7 f5 31. Qxc6 Bd4+ 32. Kh1 Bxa1 33. Qxe6+ Kg7 34. Qd7+ Rf7 35. Qd2 Bc3 36. Qd5 Qxe1+ 37. Kh2 Qxe2 38. a6 f4 39. a7 f3 40. Qg5 fxg2 41. a8=Q g1=Q+ 42. Kxg1 Rf1# 0-1

[Event "Late-Titled-Tuesday-Blitz-August-29-2023"]
[Site "Chess.com"]
[Date "2023.08.29"]
[Round "11"]
[White "Mariia89"]
[Black "protectiago"]
[Result "1-0"]
[WhiteElo "1982"]
[BlackElo "2094"]
[TimeControl "180+1"]
[EndTime "16:02:48 PDT"]
[Termination "Mariia89 won on time"]

1. d4 Nf6 2. Nf3 g6 3. c4 Bg7 4. Nc3 d5 5. Bg5 Ne4 6. cxd5 Nxg5 7. Nxg5 e6 8. Nf3 exd5 9. e3 O-O 10. Be2 c6 11.
O-O Nd7 12. b4 a6 13. Na4 f5 14. Rc1 h6 15. Nc5 Nxc5 16. dxc5 Be6 17. Nd4 Bf7 18.
a4 Qg5 19. Bf3 Rfe8 20. b5 axb5 21. axb5 f4 22. bxc6 fxe3 23. cxb7 Ra2 24. c6 exf2+ 25. Kh1 Qf4 26. c7 Bxd4 27. g3 Re1 28. c8=Q+ Kg7 29.
gxf4 Rxd1 30. Rcxd1 1-0

[Event "Late-Titled-Tuesday-Blitz-August-29-2023"]
[Site "Chess.com"]
[Date "2023.08.29"]
[Round "11"]
[White "AryanTari"]
[Black "MarcoRiehle"]
[Result "0-1"]
[WhiteElo "2913"]
[BlackElo "2849"]
[TimeControl "180+1"]
[EndTime "16:02:51 PDT"]
[Termination "MarcoRiehle won on time"]

1. a3 e5 2. e4 Nf6 3. Nc3 Bc5 4. Bc4 c6 5. Nf3 d5 6. exd5 cxd5 7. Bb5+ Kf8 8. d4 exd4 9. Nxd4 Nc6 10. Be3 Qd6 11. h3 h5 12. Qd2 a6 13. Be2 Bd7 14. O-O-O Bxa3 15. bxa3 Qxa3+ 16. Kb1 Nb4 17. Bd3 Rc8 18. Nb3 Ba4 19. Bd4 Rh6 20. Bf5 Ne4 21. Bxe4 dxe4 22. Qg5 Rg6 23. Bc5+ Kg8 24. Rd8+ Rxd8 25. Qxd8+ Kh7 26.
Qd4 a5 27. g4 Bxb3 28. Bxb4 axb4 29. gxh5 Ra6 30. Qxe4+ f5 31. Qxf5+ Kh8 32. Qf8+ Bg8 0-1

[Event "Late-Titled-Tuesday-Blitz-August-29-2023"]
[Site "Chess.com"]
[Date "2023.08.29"]
[Round "11"]
[White "DawidCzerw"]
[Black "Nf3c5"]
[Result "0-1"]
[WhiteElo "2507"]
[BlackElo "2616"]
[TimeControl "180+1"]
[EndTime "16:02:53 PDT"]
[Termination "Nf3c5 won by checkmate"]

1. e4 e5 2. Nf3 Nc6 3. Bb5 a6 4. Ba4 d6 5. d4 b5 6. Bb3 Nxd4 7.
Nxd4 exd4 8. c3 d3 9. Qxd3 Nf6 10. e5 Qe7 11. O-O dxe5 12. Bg5 Bb7 13. a4 e4 14. Qe2 Qe5 15. Bxf6 gxf6 16. Nd2 Bd6 17. g3 h5 18. axb5 axb5 19. Rxa8+ Bxa8 20. Ra1 Bc6 21. Ra6 Kd7 22. Bxf7 h4 23. Nf1 hxg3 24. Nxg3 Qg5 25. Ra1 f5 26. f4 Bxf4 27. Qf2 e3 28. Rd1+ Kc8 29. Be6+ Kb7 30. Qe1 Bxg3 31. Qxg3 Qxg3+ 32. hxg3 Rh1# 0-1

[Event "Late-Titled-Tuesday-Blitz-August-29-2023"]
[Site "Chess.com"]
[Date "2023.08.29"]
[Round "11"]
[White "FeketeBarika"]
[Black "KrokerGuy"]
[Result "1-0"]
[WhiteElo "2387"]
[BlackElo "2496"]
[TimeControl "180+1"]
[EndTime "16:02:54 PDT"]
[Termination "FeketeBarika won by checkmate"]

1. Nf3 Nf6 2. g3 d5 3. Bg2 Bg4 4. O-O Bxf3 5. Bxf3 e5 6. d3 Be7 7. c4 e4 8. dxe4 dxe4 9. Qxd8+ Bxd8 10. Bg2 Nc6 11. Nc3 Nd4 12. Bg5 O-O 13. Rad1 c5 14.
Bxf6 Bxf6 15. Bxe4 Rfe8 16. e3 Ne2+ 17. Nxe2 Rxe4 18.
b3 g5 19. Rd5 Re5 20. Rfd1 b6 21. Nc3 Re7 22. Nb5 a6 23. Nd6 Re6 24. Nf5 h5 25. Kg2 Kh7 26. h3 Kg6 27. g4 hxg4 28. hxg4 Rh8 29.
Rd6 b5 30. R1d5 bxc4 31. bxc4 Re4 32. Kf3 Rxc4 33. Rxa6 Rh3+ 34. Kg2 Rh8 35. Ne7+ Kg7 36.
Nf5+ Kg6 37. Kf3 Rh3+ 38. Ng3 Rh8 39. Rdd6 Rc2 40. Rxf6+ Kg7 41. Nf5+ Kh7 42. Rxf7+ Kg8 43. Rg7+ Kf8 44. Ra8# 1-0

[Event "Late-Titled-Tuesday-Blitz-August-29-2023"]
[Site "Chess.com"]
[Date "2023.08.29"]
[Round "11"]
[White "LeninGuerra"]
[Black "SchmakAttack"]
[Result "1-0"]
[WhiteElo "2587"]
[BlackElo "2766"]
[TimeControl "180+1"]
[EndTime "16:02:57 PDT"]
[Termination "LeninGuerra won by resignation"]

1. e4 e5 2. Nf3 Nc6 3. Bb5 a6 4. Ba4 Nf6 5. Qe2 b5 6. Bb3 Bc5 7. O-O O-O 8. Rd1 d5 9. d3 Bg4 10. c3 h6 11. h3 Be6 12. Nbd2 Re8 13. Nf1 Bf8 14. g4 Na5 15. Bc2 c5 16. Ng3 Nc6 17. Kh2 Qc7 18. Nh4 c4 19. dxc4 dxc4 20. Nhf5 Nh7 21.
h4 Rad8 22. Be3 Ne7 23. g5 hxg5 24. hxg5 Ng6 25. Qg4 Nf4 26. Qh4 g6 27. Nh6+ Kg7 28. Rh1 Be7 29. Kg1 Rh8 30. Nhf5+ gxf5 31. Qh6+ Kg8 32.
Bxf4 Bf8 33. Qh5 exf4 34. Nxf5 Bxf5 35. exf5 Qe7 36. f6 Qe5 37. Bxh7+ 1-0

[Event "Late-Titled-Tuesday-Blitz-August-29-2023"]
[Site "Chess.com"]
[Date "2023.08.29"]
[Round "11"]
[White "artin10862"]
[Black "Beca95"]
[Result "0-1"]
[WhiteElo "2885"]
[BlackElo "2984"]
[TimeControl "180+1"]
[EndTime "16:02:58 PDT"]
[Termination "Beca95 won on time"]

1. Nf3 Nf6 2. c4 c5 3. Nc3 Nc6 4. d4 cxd4 5. Nxd4 e6 6. g3 Qb6 7.
Nb3 Ne5 8. Bg2 Nxc4 9. O-O Bb4 10. e4 Bxc3 11. bxc3 O-O 12. Bg5 e5 13. Qe2 Qc6 14. Bxf6 gxf6 15. f4 d6 16. Kh1 Kg7 17. Rf2 h5 18.
Qxh5 Rh8 19. Qe2 Rh6 20. Raf1 b5 21. fxe5 dxe5 22. Nd4 Qb6 23. Nf5+ Bxf5 24. exf5 Rah8 25. Qg4+ Kh7 26. Qe4 Rg8 27. Kg1 Nd2 28. Qe2 Nxf1 29. Bxf1 a6 30. Bg2 Qc5 31. Be4 Qxc3 32. Rf3 Qc5+ 33.
Kg2 Rd8 34. Re3 Kh8 35. h4 Rh7 36. Kh3 Rd4 37. Rd3 Qc4 38. Qe3 Rxe4 0-1